 Dungeon Crawl Stone Soup version 0.28.0-49-g6dfe1f597d (webtiles) character file.

Game seed: 8880830037227087975

489 Peloso the Slasher (level 6, -8/56 HPs)
             Began as a Minotaur Fighter on May 17, 2022.
             Was an Initiate of Okawaru.
             Mangled by an ogre
             ... wielding a +0 giant spiked club
              (19 damage)
             ... on level 5 of the Dungeon.
             The game lasted 00:06:21 (4101 turns).

Peloso the Slasher (Minotaur Fighter)               Turns: 4101, Time: 00:06:22

Health: -8/56      AC: 13    Str: 20    XL:     6   Next: 90%
Magic:  5/5        EV:  6    Int:  5    God:    Okawaru [......]
Gold:   149        SH:  5    Dex: 16    Spells: 5/5 levels left

rFire   + . .      SeeInvis .   a - +0 long sword
rCold   . . .      Faith    .   c - +0 buckler
rNeg    . . .      Spirit   .   q - +1 plate armour of Mutualism {rF+ Dex+4}
rPois   +          Reflect  .   (helmet restricted)
rElec   .          Harm     .   (no cloak)
rCorr   .          Rampage  .   (no gloves)
Will    .....                   (no boots)
Stlth   ..........              (no amulet)
HPRegen 0.18/turn               e - ring of poison resistance
MPRegen 0.09/turn               (no ring)

@: no status effects
A: horns 2, retaliatory headbutt
a: Renounce Religion


You were on level 5 of the Dungeon.
You worshipped Okawaru.
Okawaru was noncommittal.
You visited 2 branches of the dungeon, and saw 6 of its levels.

You collected 149 gold pieces.

Inventory:

Hand Weapons
 a - a +0 long sword (weapon)
Armour
 b - a +0 scale mail of fire resistance
 c - a +0 buckler (worn)
 l - a +0 chain mail
 q - the +1 plate armour of Mutualism (worn) {rF+ Dex+4}
   (You found it on level 4 of the Dungeon)

   Dex:       It affects your dexterity (+4).
   rF:        It protects you from fire.
Jewellery
 e - a ring of poison resistance (left hand)
 j - a ring of fire
 m - a ring of flight
 n - a ring of resist corrosion
Wands
 o - a wand of paralysis (10)
 s - a wand of flame (12)
Scrolls
 f - 3 scrolls of identify
 g - 3 scrolls of fog
 h - a scroll of magic mapping
 k - 3 scrolls of immolation {unknown}
 p - a scroll of acquirement {unknown}
 r - a scroll of amnesia {unknown}
Potions
 d - a potion of might
 i - 2 potions of cancellation
 t - a potion of berserk rage {unknown}


   Skills:
 + Level 5.1 Fighting
 + Level 6.1 Long Blades
 + Level 5.3 Armour
 + Level 1.9 Dodging
 + Level 0.1 Stealth
 + Level 4.5 Shields


You had 5 spell levels left.
You didn't know any spells.
Your spell library contained the following spells:

 Spells                   Type           Power      Damage    Failure   Level
 Foxfire                  Conj/Fire      0%         2x1d4     100%        1
 Slow                     Hex            0%         N/A       100%        1
 Ensorcelled Hibernation  Hex/Ice        0%         N/A       100%        2
 Passwall                 Tmut/Erth      0%         N/A       100%        2
 Confusing Touch          Hex            0%         N/A       100%        3
 Conjure Flame            Conj/Fire      0%         6-21      100%        3
 Inner Flame              Hex/Fire       0%         N/A       100%        3
 Stone Arrow              Conj/Erth      0%         3d7       100%        3
 Swiftness                Air            0%         N/A       100%        3
 Vampiric Draining        Necr           0%         2d6       100%        3
 Flame Wave               Conj/Fire      0%         2d4       100%        4
 Lee's Rapid Deconstruct  Erth           0%         3d5*      100%        5
 Shatter                  Erth           0%         3d5*      100%        9


Dungeon Overview and Level Annotations

Branches:
Dungeon (5/15)             Temple (1/1) D:4

Altars:
Ashenzari
Fedhas
Gozag
Makhleb
Okawaru
Qazlal
Trog
Uskayaw


Innate Abilities, Weirdness & Mutations

You have a pair of horns on your head.
You reflexively headbutt those who attack you in melee.


Message History

You miss something. Something hits you but does no damage.
You closely miss something. Something completely misses you.
You completely miss something. Your headbutt misses something.
Something hits you but does no damage.
You miss something. Something hits you but does no damage.
You miss something. Something hits you but does no damage.
You hit something. You headbutt something.
Something hits you but does no damage. x2
You miss something.
You hear some strange, mumbled words.
A puff of flame appears from out of thin air!
The puff of flame hits you. You resist.
You slash something! Okawaru accepts your kill.
Reactivating autopickup.
You feel a bit more experienced.
Items here: )) [ †.
Items here: )) [ †.
Okay, then.
HP restored.
Key pressed, stopping explore.
An ogre comes into view. It is wielding a +0 giant spiked club.
The ogre shouts!
The ogre hits you with a +0 giant spiked club!
You barely miss the ogre.
The ogre hits you with a +0 giant spiked club!
You barely miss the ogre. The ogre closely misses you.
You hit the ogre.
The ogre is lightly wounded.
You slash the ogre!
The ogre is heavily wounded.
The ogre hits you with a +0 giant spiked club!
You hit the ogre. You headbutt the ogre.
The ogre is severely wounded.
The ogre hits you with a +0 giant spiked club!
* * * LOW HITPOINT WARNING * * *
You hit the ogre.
The ogre is almost dead.
The ogre hits you with a +0 giant spiked club!!
You die...

##### #... #########.#
#......O@.####
#.#######....#
#######.#...# #.##.#.#.
###.......#)#.###........
..........<#......#...#.
###.###.#..##.###......#
........#.......#..###.#
..................... ..
..#......##..#..#.#### .


You could see an ogre.

Vanquished Creatures
  2 scorpions (D:4)
  2 hounds (D:4)
  A jelly (D:5)
  2 orc wizards
  Robin (D:2)
  8 adders
  An ufetubus (D:4)
  An adder skeleton (D:4)
  3 worms
  3 dart slugs (D:1)
  11 orcs
  10 ball pythons
  7 endoplasms
  6 giant cockroaches
  15 goblins
  9 hobgoblins
  7 jackals
  2 quokkas (D:3)
  5 bats
  5 frilled lizards
  9 kobolds
  12 rats
122 creatures vanquished.

Notes
Turn   | Place    | Note
-------+----------+-------------------------------------------
     0 | D:1      | Peloso the Minotaur Fighter began the quest for the Orb.
     0 | D:1      | Reached XP level 1. HP: 19/19 MP: 0/0
   132 | D:1      | Reached XP level 2. HP: 27/27 MP: 1/1
   421 | D:1      | Reached XP level 3. HP: 33/33 MP: 2/2
   617 | D:1      | Reached skill level 3 in Long Blades
   941 | D:2      | Reached XP level 4. HP: 40/40 MP: 3/3
   968 | D:2      | Noticed Robin
   985 | D:2      | Killed Robin
   986 | D:2      | Reached skill level 1 in Dodging
  1276 | D:2      | Found a faded altar of an unknown god.
  1356 | D:2      | Reached skill level 4 in Long Blades
  1886 | D:3      | You fall into a shaft and drop 2 floors!
  1886 | D:5      | Entered Level 5 of the Dungeon
  1897 | D:5      | Found a burning altar of Makhleb.
  1923 | D:4      | Reached XP level 5. HP: 40/47 MP: 4/4
  2166 | D:3      | Found a stormy altar of Qazlal.
  2295 | D:3      | Reached skill level 5 in Long Blades
  2935 | D:3      | Reached skill level 5 in Armour
  2957 | D:3      | Got the Handbook of the Fetching Rocks
  3098 | D:4      | Reached XP level 6. HP: 53/55 MP: 5/5
  3177 | D:4      | Reached skill level 5 in Fighting
  3504 | D:4      | Identified the +1 plate armour of Mutualism {rF+ Dex+4}
  3538 | D:4      | Found a staircase to the Ecumenical Temple.
  3553 | Temple   | Entered the Ecumenical Temple
  3605 | Temple   | Became a worshipper of Warmaster Okawaru
  3750 | D:5      | Reached skill level 6 in Long Blades
  4101 | D:5      | Mangled by an ogre

Illustrated notes

Levels and vault maps discovered:
D:1:      minmay_arrival_jagged, layout_rooms
D:2:      layout_basic, shapermc_ecumenical_altar_notcrosses, uniq_robin
D:3:      minmay_octagon_keep, layout_basic, grunt_qazlal_clouds
D:4:      layout_rooms, minmay_temple_entry_grid
D:5:      layout_basic, mainiacjoe_overflow_24_doors, marbit_many_paths,
          lemuel_coloured_pillars_altar, gammafunk_ghost_stat_death
Temple:   eino_temple_scatter_basement

Skill      XL: |  1  2  3  4  5  6 |
---------------+-------------------+-----
Fighting       | 4 5 |  5.1
Armour         | 4 5 |  5.3
Long Blades    | 3 4 5 6 |  6.1
Dodging        | 1 |  1.9
Shields        | 4 |  4.5
Stealth        | |  0.1

Action                   |  1- 3 |  4- 6 || total
-------------------------+-------+-------++-------
Melee: Long sword        |    79 |   213 ||   292
       Headbutt          |     9 |    35 ||    44
  Use: Scroll            |     3 |       ||     3
Armor: Scale mail        |    65 |    18 ||    83
       Chain mail        |       |    80 ||    80
       Plate armour      |       |    44 ||    44
Dodge: Dodged            |    59 |    76 ||   135
Block: Buckler           |    21 |    51 ||    72
